 Dungeon Crawl Stone Soup version 0.17-a0-1979-g1c74939 (webtiles) character file.

149 Shim the Grasshopper (level 5, -5/35 HPs)
             Began as a High Elf Warper on Oct 5, 2015.
             Killed from afar by Sigmund (8 damage)
             ... with a magic dart
             ... on level 2 of the Dungeon.
             The game lasted 00:20:46 (3867 turns).

Shim the Grasshopper (High Elf Warper)              Turns: 3867, Time: 00:20:46

Health: -5/35      AC:  5    Str: 10    XL:     5   Next: 9%
Magic:  9/10       EV: 11    Int: 17    God:
Gold:   142        SH:  0    Dex: 15    Spells: 3 memorised, 3 levels left

rFire  . . .     SeeInvis .     a - +0 short sword
rCold  . . .     Clarity  .     h - +0 ring mail (curse)
rNeg   . . .     SustAt   .     (no shield)
rPois  .         Gourm    .     (no helmet)
rElec  .         Spirit   .     (no cloak)
rCorr  .         Warding  .     (no gloves)
rMut   .         Stasis   .     (no boots)
MR     .....                    (no amulet)
Stlth  +.........               (no ring)
                                l - +3 ring of slaying

@: not resistant to hostile enchantments, very unstealthy
A: no striking features
a: no special abilities


You were on level 2 of the Dungeon.
You were not hungry.

You visited 1 branch of the dungeon, and saw 3 of its levels.

You collected 142 gold pieces.

Inventory:

Hand Weapons
 a - a +0 short sword (weapon)
 y - a cursed -1 dagger
Missiles
 e - 10 tomahawks of dispersal
 j - 16 poisoned needles
 k - 10 stones
 m - 2 tomahawks of returning (quivered)
Armour
 b - a +0 leather armour
 h - a cursed +0 ring mail (worn)
 w - a +2 scale mail of poison resistance
Jewellery
 l - a +3 ring of slaying (left hand)
Scrolls
 i - 2 scrolls of identify
 s - a scroll of recharging {unknown}
 u - 3 scrolls of remove curse {unknown}
 v - a scroll of immolation {unknown}
 z - a scroll of amnesia {unknown}
 A - a scroll of teleportation {unknown}
Potions
 g - a potion of brilliance {unknown}
 o - 2 potions of magic {unknown}
 p - a potion of heal wounds {unknown}
 q - a potion of flight {unknown}
 t - a potion of beneficial mutation {unknown}
 x - a potion of might {unknown}
Books
 c - a book of Spatial Translocations

   Spells                             Type                      Level
   a - Apportation                    Translocation                1
   b - Blink                          Translocation                2
   c - Shroud of Golubria             Charms/Translocation         2
   d - Portal Projectile              Translocation                3
   e - Teleport Other                 Translocation                3
   f - Passage of Golubria            Translocation                4


   Skills:
 + Level 2.5 Fighting
 + Level 3.2 Short Blades
 + Level 2.0 Throwing
 + Level 2.1 Armour
 + Level 3.2 Dodging
 + Level 0.2 Stealth
 + Level 2.8 Spellcasting
 + Level 3.8 Translocations


You had 3 spell levels left.
You knew the following spells:

 Your Spells              Type           Power        Failure   Level  Hunger
a - Apportation           Tloc           ###.......   12%         1    #......
b - Blink                 Tloc           N/A          14%         2    ##.....
c - Teleport Other        Tloc           ###.....     28%         3    ###....


Dungeon Overview and Level Annotations

Branches:
Dungeon (3/15)

Altars:
Kikubaaqudgha
Qazlal
Vehumet

Annotations:
D:2 Sigmund


Message History

The hobgoblin is heavily wounded.
Something hits you!
You closely miss the hobgoblin.
The hobgoblin is heavily wounded.
The hobgoblin barely misses you.
You closely miss the hobgoblin.
The hobgoblin is heavily wounded.
Something hits you! The hobgoblin barely misses you.
You hit the hobgoblin but do no damage.
The hobgoblin is heavily wounded.
The hobgoblin closely misses you. Something hits you!
* * * LOW HITPOINT WARNING * * *
Casting: Teleport Other
Confirm with . or Enter, or press ? or * to list all spells.
You blink.
You hear some strange, mumbled words.
Something tries to affect you, but you resist.
A magic dart appears from out of thin air!
The magic dart hits you!
You die...

###############################
..............................#
..###########################.#
#............g.....)..#######.###
######..........@................
...<[..##############.########...
###...................# #...#...
...................#..####.#.#...
##################.#.......#.#..†
#.........#.#g####.##S#...
########)#######.#.#.## #.##.#.#.
..................@...# #.###...S
##.....#.#.#.###.#.#.## #.# ##.##


You could see a hobgoblin.

Vanquished Creatures
  Ijyb (D:2)
  Terence (D:2)
  3 adders
  2 worms (D:2)
  4 giant geckos
  8 bats
  A bat zombie (D:2)
  9 hobgoblins
  8 jackals
  6 kobolds
  3 giant cockroaches
  2 giant newts (D:1)
  6 goblins (D:1)
  4 rats (D:1)
  A rat zombie (D:2)
59 creatures vanquished.

Notes
Turn   | Place    | Note
--------------------------------------------------------------
     0 | D:1      | Shim the High Elf Warper began the quest for the Orb.
     0 | D:1      | Reached XP level 1. HP: 14/14 MP: 4/4
   409 | D:1      | Reached XP level 2. HP: 19/19 MP: 6/6
   413 | D:1      | Learned a level 2 spell: Blink
   431 | D:1      | Reached skill level 1 in Armour
  1036 | D:1      | Reached XP level 3. HP: 24/24 MP: 7/7
  1463 | D:2      | Noticed Terence
  1478 | D:2      | Killed Terence
  1762 | D:2      | Reached XP level 4. HP: 30/30 MP: 8/8
  1764 | D:2      | Noticed Ijyb
  1767 | D:2      | Noticed Sigmund
  1901 | D:2      | Killed Ijyb
  2148 | D:2      | Learned a level 3 spell: Teleport Other
  2154 | D:2      | Found an ancient bone altar of Kikubaaqudgha.
  2191 | D:2      | Found a stormy altar of Qazlal.
  3078 | D:3      | Noticed an ice beast
  3287 | D:3      | Reached XP level 5. HP: 16/35 MP: 10/10
  3553 | D:3      | Found a radiant altar of Vehumet.
  3867 | D:2      | Killed from afar by Sigmund

Vault maps used:
D:1:      moated_graveyard_arrival
D:2:      lemuel_zombie_altar_kikubaaqudgha, grunt_qazlal_clouds, uniq_terence,
          uniq_sigmund, uniq_iyjb
D:3:      nicolae_overflow_crystal_walls, uniq_robin, uniq_grinder

Action                   |  1- 3 |  4- 6 || total
-------------------------+-------+-------++-------
Melee: Short sword       |   106 |   115 ||   221
Throw: Stone             |     2 |     1 ||     3
       Tomahawk          |    19 |    23 ||    42
 Cast: Blink             |       |    14 ||    14
       Teleport Other    |       |     2 ||     2
  Use: Scroll            |       |     5 ||     5
       Potion            |       |     2 ||     2
  Eat: Chunk             |     3 |     3 ||     6
       Bread ration      |       |     1 ||     1
